 Dungeon Crawl Stone Soup version 0.26.1-2-gb8aa6d0cf2 (webtiles) character file.

Game seed: 9432664155907845055

81 Ladykiller69 the Chopper (level 4, -2/38 HPs)
             Began as a Hill Orc Gladiator on Mar 26, 2021.
             Slain by a gnoll
             ... wielding a +0 club
              (8 damage)
             ... on level 2 of the Dungeon.
             The game lasted 00:03:01 (2062 turns).

Ladykiller69 the Chopper (Hill Orc Gladiator)       Turns: 2062, Time: 00:03:02

Health: -2/38      AC:  4    Str: 17    XL:     4   Next: 40%
Magic:  4/4        EV: 12    Int:  8    God:
Gold:   39         SH:  0    Dex: 12    Spells: 3/3 levels left

rFire    . . .     SeeInvis .   a - +0 war axe
rCold    . . .     Faith    .   (no shield)
rNeg     . . .     Spirit   .   b - +0 leather armour
rPois    .         Reflect  .   c - +0 helmet
rElec    .         Harm     .   (no cloak)
rCorr    .         Rampage  .   (no gloves)
Will     .....                  (no boots)
Stlth    +.........             (no amulet)
HPRegen  0.12/turn              (no ring)
MPRegen  0.09/turn              (no ring)

@: no status effects
A: no striking features
a: no special abilities


You were on level 2 of the Dungeon.
You visited 1 branch of the dungeon, and saw 2 of its levels.

You collected 39 gold pieces.

Inventory:

Hand Weapons
 a - a +0 war axe (weapon)
 r - a +0 arbalest
Missiles
 d - 3 throwing nets (quivered)
 o - 7 silver javelins
 p - 5 javelins
Armour
 b - a +0 leather armour (worn)
 c - a +0 helmet (worn)
Jewellery
 k - an uncursed amulet of regeneration {unknown}
Scrolls
 g - 2 scrolls of blinking {unknown}
 h - a scroll of immolation {unknown}
 i - a scroll of remove curse {unknown}
 j - 2 scrolls of identify {unknown}
 l - a scroll of teleportation {unknown}
 m - a scroll of fear {unknown}
 n - a scroll of amnesia {unknown}
 q - a scroll of random uselessness {unknown}
Potions
 e - 2 potions of lignification {unknown}
 f - a potion of mutation {unknown}
 s - a potion of attraction {unknown}


   Skills:
 + Level 3.2 Fighting
 * Level 5.1 Axes
 - Level 2.1 Throwing
 + Level 1.4 Armour
 + Level 2.8 Dodging


You had 3 spell levels left.
You didn't know any spells.
Your spell library was empty.

Dungeon Overview and Level Annotations

Branches:
Dungeon (2/15)

Altars:
Ashenzari

Annotations:
D:2 Natasha


Message History

The gnoll hits you from afar with a +0 halberd.
You barely miss the gnoll.
The gnoll is severely wounded.
You barely miss the gnoll. The gnoll barely misses you. x2
You barely miss the gnoll.
The gnoll is severely wounded.
You hit the gnoll but do no damage.
The gnoll hits you from afar with a +0 spear.
The gnoll hits you with a +0 flail. The gnoll hits you with a +0 club.
The gnoll hits you from afar with a +0 halberd!
The gnoll hits you but does no damage. The gnoll hits you with a +0 flail!
* * * LOW HITPOINT WARNING * * *
The gnoll closely misses you.
Found 15 gold pieces.
Natasha, Servant of Life and Death comes into view.
Natasha hisses angrily.
There is a stone staircase leading up here.
The gnoll hits you with a +0 club!
You die...

##### ######## ....#
#......# ###.# #......#
..#.#####......# .
#.#(#...#......### ...
#.#(#...#......#@###.....
........'...h...g....>...
#.#.#...#......#.###.....
#.#.#...########.# ...
#.#.#...# #.# .....
#.#.#...# #.# #..#
#.#.#...# ######.####..#
#.#.#...# #......g..#..##
..#.#...# #.........#...#


You could see Natasha and 2 gnolls.

Vanquished Creatures
  Natasha (D:2)
  An ooze (D:1)
  A worm (D:2)
  3 leopard geckos
  3 bats
  A giant cockroach (D:1)
  4 goblins
  5 hobgoblins
  4 jackals (D:1)
  5 kobolds
  2 quokkas (D:2)
  2 ball pythons (D:2)
  4 frilled lizards
  7 rats
43 creatures vanquished.

Notes
Turn   | Place    | Note
-------+----------+-------------------------------------------
     0 | D:1      | Ladykiller69 the Hill Orc Gladiator began the quest for the
                  | Orb.
     0 | D:1      | Reached XP level 1. HP: 18/18 MP: 1/1
   310 | D:1      | Reached XP level 2. HP: 25/25 MP: 2/2
   847 | D:1      | Reached XP level 3. HP: 27/30 MP: 3/3
  1074 | D:2      | Found a broken altar of Ashenzari.
  1113 | D:2      | Reached skill level 1 in Armour
  1700 | D:2      | Noticed Natasha
  1721 | D:2      | Killed Natasha
  1722 | D:2      | Reached skill level 5 in Axes
  1722 | D:2      | Reached XP level 4. HP: 14/38 MP: 4/4
  2059 | D:2      | Noticed Natasha
  2062 | D:2      | Slain by a gnoll

Illustrated notes

Levels and vault maps discovered:
D:1:      amcnicky_arrival_single_pillar, layout_basic
D:2:      minmay_chambers_of_twos, layout_basic, ashenzari_conservatory_becter,
          uniq_natasha, uniq_jessica

Skill      XL: |  1  2  3 |
---------------+----------+-----
Throwing       | 2 |  2.1
Fighting       | 3 |  3.2
Armour         | 1 |  1.4
Axes           | 5 |  5.1
Dodging        | |  2.8

Action                   |  1- 3 |  4- 6 || total
-------------------------+-------+-------++-------
Melee: War axe           |   119 |    14 ||   133
Armor: Leather armour    |    26 |     7 ||    33
Dodge: Dodged            |   105 |     9 ||   114
